 Dungeon Crawl Stone Soup version 0.25.0-9-g26727b657a (webtiles) character file.

Game seed: 4045742746871644879

47434 HoaS the Severer (level 14, -7/144 HPs)
             Began as a Minotaur Gladiator on June 21, 2020.
             Was the Champion of Makhleb.
             Mangled by an ice devil (15 damage)
             ... in an ice cave.
             The game lasted 00:47:44 (16466 turns).

HoaS the Severer (Minotaur Gladiator)              Turns: 16466, Time: 00:47:45

Health: -7/144     AC: 25    Str: 24    XL:     14   Next: 8%
Magic:  13/13      EV: 17    Int:  5    God:    Makhleb [******]
Gold:   1297       SH:  0    Dex: 15    Spells: 13/13 levels left

rFire    + . .     SeeInvis +   B - +0 great mace
rCold    . . .     Gourm    .   (shield currently unavailable)
rNeg     . . .     Faith    .   G - +5 chain mail "Viumnujy" {rF+ rCorr SInv}
rPois    .         Spirit   .   c - +1 hat
rElec    .         Reflect  .   J - +0 cloak
rCorr    +         Harm     .   K - +0 pair of gloves {Dex+3}
MR       +....                  A - +1 pair of boots
Stlth    ..........             (no amulet)
HPRegen  0.34/turn              M - +4 ring of evasion
MPRegen  0.13/turn              I - +4 ring of protection

@: no status effects
A: retaliatory headbutt, horns 2
a: Minor Destruction, Lesser Servant of Makhleb, Major Destruction, Greater
Servant of Makhleb, Renounce Religion


You were in an ice cave.
You worshipped Makhleb.
Makhleb was exalted by your worship.
You were not hungry.

You visited 3 branches of the dungeon, and saw 17 of its levels.
You also visited: Ossuary and Ice Cave.

You collected 1297 gold pieces.

Inventory:

Hand Weapons
 z - a +0 war axe of freezing
 B - a +0 great mace (weapon)
Missiles
 d - 2 throwing nets (quivered)
 s - 8 boomerangs
 t - 65 poisoned darts
 y - 4 curare-tipped darts
 R - 6 atropa-tipped darts
Armour
 c - a +1 hat (worn)
 A - a +1 pair of boots (worn)
 G - the +5 chain mail "Viumnujy" (worn) {rF+ rCorr SInv}
   (You found it on level 9 of the Dungeon)

   It protects you from fire.
   It lets you see invisible.
   It provides partial protection from all sources of acid and corrosion.
 J - a +0 cloak (worn)
 K - a +0 pair of gloves of dexterity (worn)
Jewellery
 b - an uncursed ring of poison resistance
 u - an uncursed ring of fire
 C - a +6 ring of strength
 H - the ring "Becvos" {rF+ rC- EV+4 Slay+4 Stlth+}
   (You found it on level 9 of the Dungeon)

   [ring of evasion]

   It affects your evasion (+4).
   It affects your accuracy and damage with ranged weapons and melee attacks
   (+4).
   It protects you from fire.
   It makes you vulnerable to cold.
   It makes you more stealthy.
 I - a +4 ring of protection (right hand)
 L - an uncursed ring of protection from fire
 M - a +4 ring of evasion (left hand)
 P - an uncursed ring of flight
Wands
 o - a wand of digging (8)
 r - a wand of clouds (7)
 E - a wand of iceblast (23)
 F - a wand of flame (35)
 O - a wand of random effects (7)
 Q - a wand of paralysis (10)
Scrolls
 a - a scroll of magic mapping
 e - 12 scrolls of teleportation
 g - 3 scrolls of identify
 h - a scroll of blinking
 m - 8 scrolls of remove curse
 x - a scroll of fear
 N - a scroll of enchant weapon
Potions
 i - a potion of might
 j - 3 potions of flight
 k - 2 potions of ambrosia
 l - a potion of berserk rage
 n - 7 potions of heal wounds
 p - 3 potions of curing
 q - a potion of lignification
 v - 2 potions of haste
 w - 4 potions of stabbing
 D - 4 potions of mutation
Comestibles
 f - 27 rations


   Skills:
 * Level 18.3 Fighting
 * Level 18.3 Axes
 - Level 2.0 Throwing
 + Level 7.3 Armour
 + Level 7.6 Dodging


You had 13 spell levels left.
You didn't know any spells.
Your spell library contained the following spells:

 Spells                   Type           Power        Failure   Level  Hunger
 Beastly Appendage        Tmut           #.....       97%         1    ##.....
 Magic Dart               Conj           #...         97%         1    ##.....
 Blink                    Tloc           N/A          99%         2    ###....
 Call Imp                 Summ           #.......     99%         2    ###....
 Slow                     Hex            #.......     99%         2    ###....
 Sticks to Snakes         Tmut           #.......     99%         2    ###....
 Conjure Flame            Conj/Fire      #.......     100%        3    ####...
 Mephitic Cloud           Conj/Pois/Air  #.......     100%        3    ####...
 Spider Form              Tmut/Pois      #.........   100%        3    ####...
 Ice Form                 Ice/Tmut       #.......     100%        4    #####..
 Blade Hands              Tmut           #.........   100%        5    ######.


Dungeon Overview and Level Annotations

Branches:
Dungeon (11/15)            Temple (1/1) D:4            Lair (5/6) D:11
  Swamp (0/4) Lair:3       Spider (0/4) Lair:2      Ossuary (visited)
  IceCv (1/1)
  Slime: Lair:5-6       Orc: D:9-12

Altars:
Ashenzari
Dithmenos
Fedhas
Gozag
Hepliaklqana
Kikubaaqudgha
Makhleb
Nemelex Xobeh
Ru
Trog
Uskayaw
Wu Jian
Xom
Zin
The Shining One

Shops:
D:4 }

Annotations:
Lair:1 exclusion: oklob plant
Lair:5 exclusion: 2 oklob plants


Innate Abilities, Weirdness & Mutations

You reflexively headbutt those who attack you in melee.
You have a pair of horns on your head.


Message History

The ice devil is heavily wounded.
You are engulfed in freezing vapours.
The ice devil completely misses you. You furiously retaliate!
You headbutt the ice devil! You hit the ice devil but do no damage.
Your headbutt misses the ice devil.
The ice devil is severely wounded.
You are engulfed in freezing vapours.
The ice devil closely misses you.
Your unstable footing causes you to fumble your attack.
You are engulfed in freezing vapours.
The ice devil hits you but does no damage.
You are too injured to fight recklessly!
You are engulfed in freezing vapours.
* * * LOW HITPOINT WARNING * * *
The ice devil hits you.
* * * LOW HITPOINT WARNING * * *
The ice devil freezes you!!
* * * LOW HITPOINT WARNING * * *
You are engulfed in freezing vapours.
The ice devil hits you!
* * * LOW HITPOINT WARNING * * *
The ice devil freezes you!
You die...

#....##
##..##
#...##
##...#
#§§##
#§§§#
##§○# ##
#☼4#...##
#@○§....#
#...##..#
#..## .
##.# ..
... ...
..##


You could see an ice devil.

Vanquished Creatures
  2 entropy weavers (Lair:5)
  Fannar (D:11)
  4 hydras
  Erolcha (D:11)
  Erica (D:9)
  A queen ant (Lair:5)
  4 two-headed ogres
  5 death yaks (Lair:3)
  A centaur zombie (D:11)
  5 elephants (Lair:5)
  6 black mambas
  2 ice statues (IceCv)
  A torpor snail (Lair:4)
  4 spiny frogs
  The ghost of Sedillia the Sneak, a novice OpAs of Dithmenos (D:5)
  7 komodo dragons
  6 ice devils (IceCv)
  The ghost of Rayvis the Chopper, an amateur MiFi (D:4)
  A troll (D:9)
  A hornet (D:9)
  Prince Ribbit (D:6)
  15 blink frogs
  A bog body (Lair:3)
  8 hippogriffs
  2 dream sheep (Lair:4)
  A wraith (D:11)
  2 wyverns
  25 yaks
  2 basilisks
  A hungry ghost (D:9)
  The ghost of LohmatiyShmel the Shield-Bearer, an amateur FoFi (D:3)
  3 wargs (D:11)
  An acid dragon (D:9)
  9 water moccasins
  16 soldier ants (Lair:5)
  9 porcupines
  5 ice beasts
  7 orc warriors
  An eye of draining (D:9)
  2 black bears
  5 sky beasts
  5 phantoms
  A necrophage (D:8)
  4 ogres
  7 centaurs
  12 wolves
  14 crocodiles
  12 bullfrogs
  3 big kobolds (D:8)
  3 scorpions
  17 killer bees
  4 wights (D:11)
  4 electric eels
  2 howler monkeys
  6 crimson imps
  2 quasits
  10 hounds
  13 jellies
  3 bullfrog skeletons
  10 orc priests
  Terence (D:3)
  Natasha (twice) (D:4)
  6 iguanas
  17 orc wizards
  30 worker ants
  2 hound zombies
  A hound skeleton (D:6)
  8 mummies (Ossuary)
  A worker ant zombie (D:11)
  4 gnolls
  2 howler monkey skeletons
  12 adders
  A shadow imp (D:7)
  5 white imps
  A worker ant simulacrum (D:4)
  8 ufetubi (IceCv)
  16 oozes
  An adder skeleton (D:5)
  2 adder zombies
  7 worms
  A dart slug (D:3)
  An adder simulacrum (D:4)
  4 leopard geckos
  57 orcs
  11 giant cockroaches
  4 gnoll zombies (Ossuary)
  11 goblins
  9 hobgoblins
  11 jackals
  24 kobolds
  A quokka (D:8)
  2 ball pythons
  9 bats
  7 frilled lizards
  A goblin zombie (D:6)
  A hobgoblin zombie (Ossuary)
  A jackal skeleton (D:9)
  A kobold zombie (Ossuary)
  A leopard gecko simulacrum (D:4)
  2 orc zombies (Ossuary)
  A quokka zombie (D:8)
  6 rats
  A rat zombie (D:6)
598 creatures vanquished.

Vanquished Creatures (others)
  An electric eel (Lair:3)
  4 white imps (IceCv)
  2 ufetubi (IceCv)
  9 fungi
  2 plants
18 creatures vanquished.

Grand Total: 616 creatures vanquished

Notes
Turn   | Place    | Note
-------+----------+-------------------------------------------
     0 | D:1      | HoaS the Minotaur Gladiator began the quest for the Orb.
     0 | D:1      | Reached XP level 1. HP: 18/18 MP: 0/0
   206 | D:1      | Reached XP level 2. HP: 24/25 MP: 1/1
   543 | D:1      | Reached XP level 3. HP: 31/31 MP: 2/2
   982 | D:2      | Reached skill level 5 in Axes
  1146 | D:2      | Reached XP level 4. HP: 26/38 MP: 3/3
  1326 | D:2      | Found an opulent altar of Gozag.
  1906 | D:3      | Found a large runed translucent door.
  1906 | D:3      | Found a large runed translucent door.
  2044 | D:3      | Noticed LohmatiyShmel's ghost (amateur FoFi)
  2103 | D:3      | Reached XP level 5. HP: 32/46 MP: 4/4
  2305 | D:3      | Noticed Terence
  2332 | D:3      | Killed Terence
  2916 | D:4      | Found Baoqoh's Gadget Boutique.
  2938 | D:4      | Reached XP level 6. HP: 53/53 MP: 5/5
  3278 | D:4      | Noticed Rayvis's ghost (amateur MiFi)
  3278 | D:4      | Noticed an ice beast
  3300 | D:4      | Found a runed translucent gate.
  3300 | D:4      | Found a runed translucent gate.
  3300 | D:4      | Found a runed translucent gate.
  3322 | D:4      | Noticed Natasha
  3328 | D:4      | Killed Natasha
  3328 | D:4      | Reached skill level 5 in Fighting
  3567 | D:4      | Found a bloodstained altar of Trog.
  3810 | D:4      | Found a staircase to the Ecumenical Temple.
  3818 | Temple   | Entered the Ecumenical Temple
  3879 | Temple   | Became a worshipper of Makhleb the Destroyer
  3934 | D:4      | Found a hide-covered altar of Uskayaw.
  4307 | D:3      | Killed LohmatiyShmel's ghost
  4307 | D:3      | Reached XP level 7. HP: 23/62 MP: 6/6
  4531 | D:4      | Noticed Natasha
  4541 | D:4      | Killed Natasha
  4600 | D:5      | Entered Level 5 of the Dungeon
  4651 | D:5      | Found a runed translucent gate.
  4651 | D:5      | Found a runed translucent gate.
  4651 | D:5      | Found a runed translucent gate.
  4721 | D:5      | Reached XP level 8. HP: 38/71 MP: 7/7
  5134 | D:5      | Reached skill level 10 in Axes
  5245 | D:5      | Noticed Sedillia's ghost (novice OpAs)
  5342 | D:5      | Killed Sedillia's ghost
  5401 | D:4      | Killed Rayvis's ghost
  5769 | D:6      | Found an ornate altar of the Wu Jian Council.
  5786 | D:6      | Reached * piety under Makhleb
  5821 | D:6      | Found a sand-covered staircase.
  5823 | D:6      | Reached XP level 9. HP: 82/82 MP: 8/8
  5869 | Ossuary  | Entered an ossuary
  6613 | D:6      | Found a runed translucent door.
  6619 | D:6      | Found a runed translucent door.
  6719 | D:6      | Found a blossoming altar of Fedhas.
  6842 | D:6      | Reached ** piety under Makhleb
  7450 | D:7      | Noticed Prince Ribbit
  7469 | D:6      | Killed Prince Ribbit
  7985 | D:7      | Reached skill level 10 in Fighting
  8034 | D:7      | Got a crude chain mail
  8048 | D:7      | Identified the +3 chain mail "Ohuir" {rElec rPois rCorr
                  | Str+4} (You found it on level 7 of the Dungeon)
  8421 | D:8      | Reached XP level 10. HP: 90/93 MP: 9/9
  8624 | D:8      | Reached *** piety under Makhleb
  9307 | D:9      | Noticed a two-headed ogre
  9327 | D:9      | Killed a two-headed ogre
  9327 | D:9      | Reached skill level 15 in Axes
  9442 | D:9      | Noticed a two-headed ogre
  9448 | D:9      | Killed a two-headed ogre
  9512 | D:9      | Noticed Erica
  9522 | D:9      | Killed Erica
  9557 | D:9      | Reached XP level 11. HP: 102/104 MP: 10/10
  9619 | D:9      | Reached **** piety under Makhleb
  9644 | D:9      | Got a polished chain mail
  9652 | D:9      | Got a crude glass ring
  9697 | D:9      | Got a shimmering chain mail
  9802 | D:9      | Identified the ring "Becvos" {rF+ rC- EV+4 Slay+4 Stlth+}
                  | (You found it on level 9 of the Dungeon)
  9832 | D:9      | Identified the +5 chain mail "Viumnujy" {rF+ rCorr SInv}
                  | (You found it on level 9 of the Dungeon)
  9842 | D:9      | Identified the +3 chain mail of Leapfrog {rPois Dex+4} (You
                  | found it on level 9 of the Dungeon)
 10503 | D:10     | Entered Level 10 of the Dungeon
 10636 | D:10     | Reached ***** piety under Makhleb
 10678 | D:10     | Noticed a two-headed ogre
 10688 | D:10     | Killed a two-headed ogre
 11166 | D:11     | Noticed Fannar
 11189 | D:11     | Killed Fannar
 11644 | D:11     | Noticed Erolcha
 11650 | D:11     | Killed Erolcha
 11650 | D:11     | Reached skill level 15 in Fighting
 11867 | D:11     | Found a staircase to the Lair.
 11974 | D:11     | Noticed a two-headed ogre
 11979 | D:11     | Killed a two-headed ogre
 11979 | D:11     | Reached XP level 12. HP: 112/122 MP: 11/11
 12266 | Lair:1   | Entered Level 1 of the Lair of Beasts
 12320 | Lair:1   | Reached skill level 1 in Armour
 12535 | Lair:1   | Reached ****** piety under Makhleb
 12983 | Lair:2   | Noticed a five-headed hydra
 12995 | Lair:1   | Killed a five-headed hydra
 13073 | Lair:2   | Reached skill level 5 in Dodging
 13209 | Lair:2   | Found a hole to the Spider Nest.
 13538 | Lair:3   | Found a staircase to the Swamp.
 13608 | Lair:3   | Reached XP level 13. HP: 112/132 MP: 12/12
 13797 | Lair:3   | Reached skill level 5 in Armour
 15490 | Lair:5   | Noticed an entropy weaver
 15540 | Lair:5   | Killed an entropy weaver
 15576 | Lair:5   | Noticed an entropy weaver
 15585 | Lair:5   | Killed an entropy weaver
 15629 | Lair:5   | Reached XP level 14. HP: 143/143 MP: 13/13
 16033 | Lair:5   | Found a frozen archway.
 16045 | IceCv    | Entered an ice cave
 16466 | IceCv    | Mangled by an ice devil

Illustrated notes

Levels and vault maps discovered:
D:1:      elethiomel_arrival_maze, layout_basic
D:2:      layout_basic, grunt_gozag_breadcrumbs
D:3:      layout_basic, ebering_ghost_disaster_area, uniq_terence
D:4:      layout_loops_corners, lemuel_coloured_pillars_altar, temple_green,
          serial_shops, shop, gammafunk_ghost_icy, bloody_trog, uniq_natasha
D:5:      layout_rooms, ebering_ghost_rock_garden, first_ration,
          chequers_serial_rivers_small_a
D:6:      lemuel_insect_pit, layout_basic, kennysheep_little_box,
          enter_ossuary_4, fedhas_altar_2
D:7:      layout_rooms, columned_hall_lemuel, uniq_prince_ribbit1
D:8:      layout_gridville, blue_anna_alchemist [blue_anna_fruit_fields,
          blue_anna_fruit_fields], minivault_14, minmay_joined_circles
D:9:      minmay_the_grid_four_pointed_star_mashed
          [minmay_the_grid_triangle_9x9_negative_grid,
          minmay_the_grid_triangle_9x9_descending_squares,
          minmay_the_grid_triangle_9x9_zippers_vertical,
          minmay_the_grid_triangle_9x9_alien, minmay_the_grid_prize_trominoes],
          layout_cave_pods, uniq_erica
D:10:     layout_loops_ring
D:11:     layout_basic, erik_lair_orcish_takeover, uniq_erolcha, uniq_fannar
Temple:   regret_index_temple_chain_breaker
Lair:1:   lemuel_slime, layout_misc_corridors, grunt_megastairs_5
Lair:2:   layout_cave_shapes, spider_nest_entry_webs, lemuel_fruit_tree
Lair:3:   layout_hall_layers, skrybe_swamp_entry_bodies,
          nicolae_quartered_pool_medium, grunt_megastairs_4
Lair:4:   layout_cave_pods, grunt_megastairs_2, serial_bayou_shore_a
Lair:5:   layout_cave_pods, minmay_slime_entry_oklob_enclosed,
          portal_ice_cave_entry_pillars_1, zaba_antful_of_joy
IceCv:    ice_cave_small_demon

Skill      XL: |  1  2  3  4  5  6  7  8  9 10 11 12 13 |
---------------+----------------------------------------+-----
Axes           | 4 5 6 7 8 9 11 13 15 16 17 18 | 18.3
Fighting       | 3 4 5 6 8 10 11 15 17 18 | 18.3
Armour         | 4 7 |  7.3
Dodging        | 5 7 |  7.6
Throwing       | |  2.0

Action                   |  1- 3 |  4- 6 |  7- 9 | 10-12 | 13-15 || total
-------------------------+-------+-------+-------+-------+-------++-------
Melee: War axe           |    77 |   202 |   311 |   554 |       ||  1144
       Headbutt          |     8 |    32 |    66 |   159 |    86 ||   351
       Great mace        |       |       |       |    62 |   331 ||   393
Throw: Throwing net      |       |       |       |     2 |       ||     2
Evoke: Wand              |       |       |       |     5 |       ||     5
  Use: Scroll            |     2 |     8 |     7 |    12 |     1 ||    30
       Potion            |       |       |     1 |       |       ||     1
 Stab: Held in net/web   |       |       |       |     1 |       ||     1
  Eat: Chunk             |     1 |    10 |    13 |    19 |     7 ||    50
       Ration            |       |       |       |       |     1 ||     1
Armor: Chain mail        |    53 |    82 |    52 |   231 |   231 ||   649
       Plate armour      |       |       |    52 |       |       ||    52
Dodge: Dodged            |    39 |    76 |    97 |   302 |   323 ||   837
